 Dungeon Crawl Stone Soup version 0.29.1-12-g30fa7ad0bf (webtiles) character file.

Game seed: 13283276910827961960

3136 MisterFreud the Fighter (level 9, -1/80 (81) HPs)
             Began as a Minotaur Fighter on Dec 28, 2022.
             Was a Believer of Hepliaklqana.
             Killed by divine providence
             ... invoked by an orc priest
              (11 damage)
             ... on level 8 of the Dungeon.
             The game lasted 00:06:32 (8106 turns).

MisterFreud the Fighter (Minotaur Fighter)          Turns: 8106, Time: 00:06:33

HP:   -1/80 (81)    AC:  8    Str: 22    XL:     9   Next: 61%
MP:   8/8           EV:  9    Int:  5    God:    Hepliaklqana [**....]
Gold: 426           SH:  6    Dex: 13    Spells: 8/8 levels left

rFire   . . .      SeeInvis .   a - +0 long sword (flame)
rCold   . . .      Faith    .   c - +1 buckler
rNeg    . . .      Spirit   .   b - +0 scale mail
rPois   .          Reflect  .   (helmet restricted)
rElec   .          Harm     .   (no cloak)
rCorr   .          Rampage  .   (no gloves)
Will    .....                   e - +0 pair of boots
Stlth   ..........              (no amulet)
HPRegen 0.23/turn               (no ring)
MPRegen 0.11/turn               (no ring)

@: lethally poisoned (-1 -> -12), slowed, lightly drained, very slow
A: reduced essence, horns 2, retaliatory headbutt
a: Renounce Religion, Recall Ancestor, Ancestor Identity


You were on level 8 of the Dungeon.
You worshipped Hepliaklqana.
Hepliaklqana was pleased with you.
You visited 1 branch of the dungeon, and saw 8 of its levels.

You collected 426 gold pieces.

Inventory:

Hand Weapons
 a - a +0 long sword of flaming (weapon)
 p - a +1 scimitar
Missiles
 h - 5 javelins (quivered)
 n - 4 poisoned darts
 s - 6 boomerangs
Armour
 b - a +0 scale mail (worn)
 c - a +1 buckler (worn)
 e - a +0 pair of boots (worn)
Jewellery
 j - a ring of flight
 q - a ring of wizardry
 t - a ring of magical power
 x - a ring of poison resistance
 B - an amulet of faith
Wands
 r - a wand of flame (19)
 y - a wand of polymorph (16)
 z - a wand of charming (3)
 C - a wand of roots (10)
Scrolls
 u - a scroll of enchant armour
 w - a scroll of butterflies
Potions
 d - 3 potions of might
 f - 5 potions of lignification
 g - a potion of flight {unknown}
 i - 3 potions of mutation
 k - 3 potions of haste
 l - a potion of ambrosia
 m - 3 potions of heal wounds {unknown}
 o - a potion of degeneration {unknown}
 v - 2 potions of curing
 A - a potion of attraction {unknown}


   Skills:
 - Level 12.0 Fighting
 + Level 10.5 Long Blades
 - Level 6.0 Armour
 - Level 4.0 Shields


You had 8 spell levels left.
You didn't know any spells.
Your spell library contained the following spells:

 Spells                   Type           Power      Damage    Failure   Level
 Ensorcelled Hibernation  Hex/Ice        0%         N/A       95%         2
 Passwall                 Tmut/Erth      0%         N/A       95%         2
 Dazzling Flash           Conj/Hex       0%         N/A       99%         3
 Portal Projectile        Hex/Tloc       0%         N/A       99%         3
 Swiftness                Air            0%         N/A       99%         3
 Tukima's Dance           Hex            0%         N/A       99%         3
 Iskenderun's Mystic Bla  Conj/Tloc      0%         2d3       100%        4
 Blade Hands              Tmut           0%         N/A       100%        5
 Starburst                Conj/Fire      0%         6d3       100%        6


Dungeon Overview and Level Annotations

Branches:
Dungeon (8/15)             Temple (0/1) D:6
   Lair: D:8-11

Altars:
Ashenzari
Cheibriados
Elyvilon
Gozag
Hepliaklqana
Kikubaaqudgha
Nemelex Xobeh
Uskayaw
Vehumet
Xom

Shops:
D:3 ?   D:4 (


Innate Abilities, Weirdness & Mutations

Your life essence is reduced to manifest your ancestor. (-10% HP)
You have a pair of horns on your head.
You reflexively headbutt those who attack you in melee.


Message History

You slash the orc wizard! You burn the orc wizard.
You kill the orc wizard!
You closely miss the hornet. You block the hornet's attack.
You closely miss the hornet. The hornet closely misses you.
You miss the hornet.
The hornet stings you but does no damage.
The hornet barely misses you.
You closely miss the hornet. The hornet stings you.
You are poisoned.
You suddenly lose the ability to move!
You feel very sick. The hornet stings you.
You are more poisoned.
You feel yourself slow down.
The hornet stings you but does no damage.
You feel very sick. The hornet stings you.
* * * LOW HITPOINT WARNING * * *
You are lethally poisoned!
You feel as though you will be slow longer.
You can move again.
You barely miss the hornet.
You headbutt the hornet, but do no damage.
* * * LOW HITPOINT WARNING * * *
You feel extremely sick. You block the hornet's attack. The hornet misses you.
The hornet barely misses you. You furiously retaliate!
You headbutt the hornet, but do no damage.
Unknown command.
Unknown command.
You swap places.
* * * LOW HITPOINT WARNING * * *
You feel very sick.
The hornet stings Servia.
The orc priest begins to cast a cantrip, but forgets the words!
Servia hits the hornet with a +0 flail!
The hornet stings Servia but does no damage.
The orc priest invokes the aid of Beogh against you.
Beogh smites you!
You die...

.... .... #..## ... .o. #o#
#y# #R# #####@########
..##........# #.
#.##..#####.# #.#
####.##..#####.# #.#
#...........##.# ###.#
#.##.#.......#.######
#...###.##................#
#.#........#.......#.####.#
#.#.......###........# #.#


You could see the friendly Servia the knight, a hornet (ally target), an orc
priest and an orc.

Vanquished Creatures
  The ghost of MisterFreud the Nimble, a novice FeBe of Trog (D:5)
  Sigmund (D:3)
  A sky beast (D:6)
  A black bear (D:5)
  2 ice beasts
  2 ogres (D:5)
  A centaur (D:6)
  A phantom (D:6)
  A bullfrog (D:7)
  A gnoll sergeant (D:5)
  A necrophage (D:5)
  A scorpion (D:6)
  7 wights
  A howler monkey (D:4)
  2 jellies (D:5)
  5 hounds
  2 orc priests
  3 iguanas
  Terence (D:3)
  2 orc wizards
  6 adders
  5 gnolls
  A shadow imp (D:5)
  A white imp (D:7)
  An ufetubus (D:4)
  2 worms (D:2)
  2 dart slugs
  19 orcs
  8 endoplasms
  3 giant cockroaches
  4 goblins
  4 hobgoblins
  8 jackals (D:1)
  4 quokkas
  8 ball pythons
  8 bats
  A frilled lizard (D:3)
  10 kobolds
  5 rats
137 creatures vanquished.

Vanquished Creatures (collateral kills)
  Prince Ribbit (D:7)
  A black bear (D:6)
  A phantom (D:5)
  A necrophage (D:6)
  5 wights
  A hound (D:6)
  2 iguanas (D:7)
  A gnoll (D:5)
  An adder (D:5)
  A white imp (D:7)
  An ufetubus (D:5)
  3 orcs (D:7)
  A goblin (D:4)
20 creatures vanquished.

Vanquished Creatures (others)
  A fungus (D:8)
  11 plants
12 creatures vanquished.

Grand Total: 169 creatures vanquished

Notes
Turn   | Place    | Note
-------+----------+-------------------------------------------
     0 | D:1      | MisterFreud the Minotaur Fighter began the quest for the
                  | Orb.
     0 | D:1      | Reached XP level 1. HP: 19/19 MP: 0/0
     1 | D:1      | Noticed an electric eel
    56 | D:1      | Reached skill level 4 in Fighting
   151 | D:1      | Reached XP level 2. HP: 28/28 MP: 1/1
   346 | D:1      | Reached skill level 5 in Fighting
   420 | D:1      | Reached XP level 3. HP: 36/36 MP: 2/2
  1082 | D:2      | Found a hide-covered altar of Uskayaw.
  1174 | D:2      | Reached skill level 6 in Fighting
  1174 | D:2      | Reached XP level 4. HP: 36/45 MP: 3/3
  1701 | D:3      | Reached XP level 5. HP: 51/51 MP: 4/4
  1726 | D:3      | Reached skill level 7 in Fighting
  1919 | D:3      | Noticed Sigmund
  1928 | D:3      | Killed Sigmund
  1929 | D:3      | Reached skill level 8 in Fighting
  1929 | D:3      | Reached XP level 6. HP: 61/61 MP: 5/5
  1957 | D:3      | Found a radiant altar of Vehumet.
  1959 | D:3      | Found a sparkling altar of Nemelex Xobeh.
  1962 | D:3      | Found a snail-covered altar of Cheibriados.
  1967 | D:3      | Found a hide-covered altar of Uskayaw.
  1968 | D:3      | Found an ancient bone altar of Kikubaaqudgha.
  1971 | D:3      | Found a white marble altar of Elyvilon.
  1974 | D:3      | Found a broken altar of Ashenzari.
  1977 | D:3      | Found an opulent altar of Gozag.
  1980 | D:3      | Found a hazy altar of Hepliaklqana.
  1981 | D:3      | Found a shimmering altar of Xom.
  2027 | D:3      | Became a worshipper of Hepliaklqana the Forgotten
  2222 | D:3      | Found a faded altar of an unknown god.
  2244 | D:3      | Identified the +1 ring mail of the Constellations {+Inv
                  | rN+++ Dex-2 Slay+6}
  2267 | D:3      | Noticed Terence
  2278 | D:3      | Killed Terence
  2479 | D:3      | Found Fisiohoss's Magic Scroll Shoppe.
  3272 | D:4      | Reached skill level 5 in Armour
  3273 | D:4      | Reached * piety under Hepliaklqana
  3586 | D:4      | Reached XP level 7. HP: 57/61 MP: 6/6
  3637 | D:4      | Found Zaenaiv's Weapon Shop.
  3900 | D:5      | Entered Level 5 of the Dungeon
  4015 | D:5      | Reached skill level 5 in Long Blades
  4120 | D:5      | Found a runed translucent door.
  4880 | D:5      | Reached XP level 8. HP: 40/66 MP: 7/7
  5096 | D:5      | Reached ** piety under Hepliaklqana
  5097 | D:5      | Remembered your ancestor Servia as a knight
  5450 | D:5      | Noticed MisterFreud's ghost (novice FeBe)
  5462 | D:5      | Killed MisterFreud's ghost
  5740 | D:6      | Reached skill level 10 in Long Blades
  5746 | D:6      | Reached skill level 9 in Fighting
  6085 | D:6      | Reached XP level 9. HP: 68/76 MP: 8/8
  6169 | D:6      | Reached skill level 10 in Fighting
  6661 | D:6      | Reached skill level 11 in Fighting
  6773 | D:6      | Found a staircase to the Ecumenical Temple.
  7247 | D:7      | Noticed Prince Ribbit
  7257 | D:7      | Killed Prince Ribbit
  7399 | D:7      | Reached skill level 12 in Fighting
  8102 | D:8      | Paralysed by a hornet for 3 turns
  8106 | D:8      | Killed from afar by an orc priest

Illustrated notes

Levels and vault maps discovered:
D:1:      arrival_aquarium_a, layout_basic
D:2:      wander_river, layout_loops_ring, basic_altar
D:3:      layout_basic, nicolae_overflow_hallway_of_the_gods,
          shapermc_ecumenical_altar_mp_highgroup, serial_shops,
          nicolae_shop_waterfront, serial_bayou_lagoon_b, uniq_sigmund,
          uniq_terence
D:4:      layout_basic, serial_shops, nicolae_shop_hallway_plus,
          hangedman_decor_points, uniq_crazy_yiuf_cottage
D:5:      layout_basic, gammafunk_ghost_grave
D:6:      nicolae_BIG_FREAKIN_CUBE, layout_loops_ring,
          minmay_temple_entry_junction
D:7:      layout_rooms, uniq_prince_ribbit1
D:8:      layout_loops_corners, grunt_lair_entry_orc_guard_hut

Skill      XL: |  1  2  3  4  5  6  7  8  9 |
---------------+----------------------------+-----
Fighting       | 4 5 6 8 9 12 | 12.0
Long Blades    | 3 4 7 10 | 10.5
Armour         | 4 5 6 |  6.0
Shields        | 4 |  4.0

Action                   |  1- 3 |  4- 6 |  7- 9 || total
-------------------------+-------+-------+-------++-------
Melee: Long sword        |    92 |   152 |   194 ||   438
       Headbutt          |    16 |    29 |    41 ||    86
Invok: Recall Ancestor   |       |       |     2 ||     2
       Ancestor Life: Kn |       |       |     1 ||     1
  Use: Scroll            |     3 |     2 |     7 ||    12
Armor: Scale mail        |    46 |    72 |    76 ||   194
Dodge: Dodged            |    49 |    50 |    88 ||   187
Block: Buckler           |    25 |    38 |    46 ||   109
